 Dungeon Crawl Stone Soup version 0.27.0-1-g7a089689b8 (webtiles) character file.

Game seed: 2666577318206477649

2014 horus123 the Quickloader (level 9, -4/54 HPs)
             Began as a Kobold Hunter on Aug 14, 2021.
             Was a Believer of Dithmenos.
             Slain by shadowrider38's ghost (14 damage)
             ... on level 7 of the Dungeon.
             The game lasted 00:12:22 (6461 turns).

horus123 the Quickloader (Kobold Hunter)            Turns: 6461, Time: 00:12:22

Health: -4/54      AC: 10    Str: 16    XL:     9   Next: 46%
Magic:  9/9        EV: 15    Int: 12    God:    Dithmenos [**....]
Gold:   1857       SH:  0    Dex: 18    Spells: 8/8 levels left

rFire    . . .     SeeInvis .   a - +3 hand crossbow
rCold    x . .     Faith    .   (shield restricted)
rNeg     . . .     Spirit   .   c - +0 leather armour
rPois    +         Reflect  .   (no helmet)
rElec    .         Harm     .   E - +1 cloak {rCorr}
rCorr    +         Rampage  .   i - +0 pair of gloves
Will     .....                  (no boots)
Stlth    +++++.....             (no amulet)
HPRegen  0.18/turn              m - ring "Nesuph" {rPois rC- AC+4 Slay+6}
MPRegen  0.11/turn              n - +6 ring of strength

@: wreathed by umbra, studying Slings
A: small, no large weapons, nightstalker 3
a: Renounce Religion, Shadow Step


You were on level 7 of the Dungeon.
You worshipped Dithmenos.
Dithmenos was pleased with you.
You visited 2 branches of the dungeon, and saw 8 of its levels.
You also visited: Ossuary.

You collected 1857 gold pieces.

Inventory:

Hand Weapons
 a - a +3 hand crossbow (weapon)
 b - a +0 short sword
 h - a +0 dagger of holy wrath
Missiles
 d - 42 bolts (quivered ammo)
Armour
 c - a +0 leather armour (worn)
 i - a +0 pair of gloves (worn)
 E - a +1 cloak of preservation (worn)
Jewellery
 m - the ring "Nesuph" (left hand) {rPois rC- AC+4 Slay+6}
   (You acquired it on level 2 of the Dungeon)

   [ring of protection]

   AC:        It affects your AC (+4).
   Slay:      It affects your accuracy & damage with ranged weapons and melee
   (+6).
   rC:        It makes you vulnerable to cold.
   rPois:     It protects you from poison.
 n - a +6 ring of strength (right hand)
 q - a ring of resist corrosion
 t - a ring of fire
 w - a ring of fire
Wands
 v - a wand of flame (16)
 B - a wand of polymorph (8)
 I - a wand of paralysis (6)
Scrolls
 j - a scroll of teleportation
 o - a scroll of enchant armour {unknown}
 p - 3 scrolls of magic mapping
 s - a scroll of torment {unknown}
 u - 2 scrolls of amnesia {unknown}
 y - 3 scrolls of silence {unknown}
 z - a scroll of vulnerability {unknown}
 A - a scroll of noise {unknown}
 C - a scroll of summoning {unknown}
 H - a scroll of fear {unknown}
Potions
 e - 3 potions of invisibility
 f - a potion of attraction
 g - 5 potions of curing
 k - 4 potions of might
 l - a potion of haste {unknown}
 r - 7 potions of mutation {unknown}
 x - a potion of cancellation {unknown}
 D - a potion of ambrosia {unknown}
 F - 2 potions of brilliance {unknown}
 G - a potion of lignification {unknown}


   Skills:
 + Level 5.6 Fighting
 * Level 12.0 Crossbows
 + Level 2.6 Armour
 + Level 3.0 Dodging
 * Level 5.0 Stealth


You had 8 spell levels left.
You didn't know any spells.
Your spell library contained the following spells:

 Spells                   Type           Power      Damage    Failure   Level
 Pain                     Necr           0%         1d4       36%         1
 Sticky Flame             Conj/Fire      0%         2d3       98%         4
 Agony                    Necr           0%         N/A       100%        5
 Excruciating Wounds      Necr           0%         N/A       100%        5
 Starburst                Conj/Fire      0%         8x6d3     100%        6
 Spellforged Servitor     Conj/Summ      0%         N/A       100%        7


Dungeon Overview and Level Annotations

Branches:
Dungeon (7/15)             Temple (1/1) D:4         Ossuary (visited)

Altars:
Ashenzari
Dithmenos
Elyvilon
Fedhas
Gozag
Kikubaaqudgha
Nemelex Xobeh
Qazlal
Trog
Uskayaw
Vehumet
Yredelemnul

Annotations:
D:7 shadowrider38's ghost, novice VSBe


Innate Abilities, Weirdness & Mutations

You are small and have problems with some larger weapons.
You are completely attuned to the shadows.


Message History

Press: ? - help, Q - select action, (/) - cycle Shift-Dir - straight line, f - shadowrider38's ghost
Aim: shadowrider38's ghost (black smoke, umbra, 80% to hit)
You shoot a bolt. The bolt hits shadowrider38's ghost!
Shadowrider38's ghost is moderately damaged.
Fire: 46 bolts
Press: ? - help, Q - select action, (/) - cycle Shift-Dir - straight line, f/p - shadowrider38's ghost
Aim: shadowrider38's ghost (black smoke, moderately damaged, umbra, 80% to hit)
You shoot a bolt.
The bolt hits shadowrider38's ghost but does no damage.
Shadowrider38's ghost is moderately damaged.
Shadowrider38's ghost hits you!
The death knight offers itself to Yredelemnul, and fills with unholy energy.
Fire: 45 bolts
Press: ? - help, Q - select action, (/) - cycle Shift-Dir - straight line, f/p - shadowrider38's ghost
Aim: shadowrider38's ghost (black smoke, moderately damaged, umbra, 80% to hit)
You shoot a bolt.
The bolt barely misses shadowrider38's ghost.
The bolt hits the death knight!
The death knight is lightly wounded.
The death knight reflects your damage back at you!
Shadowrider38's ghost barely misses you.
The death knight hits you from afar with a +1 glaive!!
Ouch! That really hurt!
* * * LOW HITPOINT WARNING * * *
Fire: 44 bolts
Press: ? - help, Q - select action, (/) - cycle Shift-Dir - straight line, f/p - shadowrider38's ghost
Aim: shadowrider38's ghost (black smoke, moderately damaged, umbra, 80% to hit)
You shoot a bolt. The bolt hits shadowrider38's ghost!
Shadowrider38's ghost is heavily damaged.
Shadowrider38's ghost hits you but does no damage.
The death knight hits you from afar with a +1 glaive.
* * * LOW HITPOINT WARNING * * *
Fire: 43 bolts
Press: ? - help, Q - select action, (/) - cycle Shift-Dir - straight line, f/p - shadowrider38's ghost
Aim: shadowrider38's ghost (black smoke, heavily damaged, umbra, 80% to hit)
You shoot a bolt.
The bolt hits shadowrider38's ghost but does no damage.
Shadowrider38's ghost is heavily damaged.
Shadowrider38's ghost hits you!
You die...

#.#
####.#################
#....................>
####.###############.#
#.#### #.# #..... #.#
#.#### #.# ####(#§§
..# .....@Wp .###.#§§
#####


You could see a death knight (reflects damage) and shadowrider38's ghost.

Vanquished Creatures
  Sigmund (D:6)
  The ghost of agentchuck the Skirmisher, an amateur GrFi (D:4)
  2 orc warriors (D:6)
  2 necrophages
  An ice beast (D:7)
  A centaur (D:6)
  2 ogres
  An elf zombie (Ossuary)
  2 bullfrogs
  A water moccasin skeleton (D:6)
  A howler monkey (D:7)
  A bullfrog zombie (D:5)
  5 hounds
  A human zombie (Ossuary)
  2 centaur zombies (Ossuary)
  A jelly (D:4)
  A centaur skeleton (D:4)
  An orc priest (D:5)
  4 iguanas
  4 orc wizards
  A bullfrog simulacrum (D:4)
  A scorpion simulacrum (D:4)
  2 mummies (Ossuary)
  A gnoll (D:4)
  2 adders
  A hound simulacrum (D:4)
  2 white imps
  An ufetubus (D:5)
  2 adder zombies (Ossuary)
  A dart slug (D:2)
  2 adder simulacra (D:4)
  4 orcs
  6 ball pythons
  6 endoplasms
  3 giant cockroaches
  8 hobgoblins
  7 jackals
  4 kobolds
  3 quokkas
  4 frilled lizards
  7 goblins
  A goblin zombie (Ossuary)
  5 hobgoblin zombies (Ossuary)
  A jackal zombie (Ossuary)
  8 kobold zombies (Ossuary)
  14 orc zombies (Ossuary)
  6 rats
  2 rat zombies (Ossuary)
140 creatures vanquished.

Vanquished Creatures (others)
  A plant (D:3)
  15 toadstools (D:6)
16 creatures vanquished.

Grand Total: 156 creatures vanquished

Notes
Turn   | Place    | Note
-------+----------+-------------------------------------------
     0 | D:1      | horus123 the Kobold Hunter began the quest for the Orb.
     0 | D:1      | Reached XP level 1. HP: 12/12 MP: 1/1
    74 | D:1      | Reached skill level 5 in Crossbows
    89 | D:1      | Found a faded altar of an unknown god.
   169 | D:1      | Reached XP level 2. HP: 17/17 MP: 2/2
  1026 | D:2      | Found an opulent altar of Gozag.
  1163 | D:2      | Reached XP level 3. HP: 22/22 MP: 3/3
  1401 | D:2      | Reached skill level 6 in Crossbows
  1476 | D:2      | Identified 3 scrolls of acquirement
  1476 | D:2      | Acquired the ring "Nesuph" {rPois rC- AC+4 Slay+6}
  1478 | D:2      | Acquired 603 gold pieces
  1479 | D:2      | Acquired 970 gold pieces
  1876 | D:3      | Reached XP level 4. HP: 27/27 MP: 4/4
  2038 | D:3      | Noticed a necrophage
  2043 | D:3      | Killed a necrophage
  2044 | D:3      | Reached skill level 7 in Crossbows
  2044 | D:3      | Reached XP level 5. HP: 30/32 MP: 5/5
  2213 | D:3      | Got the Papyrus of Combat Magic
  2583 | D:4      | Found a runed translucent gate.
  2585 | D:4      | Found a runed translucent gate.
  2586 | D:4      | Found a runed translucent gate.
  2769 | D:4      | Reached XP level 6. HP: 36/37 MP: 6/6
  3176 | D:4      | Reached skill level 1 in Armour
  3215 | D:4      | Found a staircase to the Ecumenical Temple.
  3379 | D:4      | Noticed an ogre
  3383 | D:4      | Killed an ogre
  3384 | D:4      | Reached skill level 8 in Crossbows
  3451 | Temple   | Entered the Ecumenical Temple
  3479 | Temple   | Became a worshipper of Dithmenos the Shadowed
  3561 | D:4      | Reached XP level 7. HP: 41/41 MP: 7/7
  4160 | D:4      | Noticed agentchuck's ghost (amateur GrFi)
  4166 | D:4      | Killed agentchuck's ghost
  4167 | D:4      | Reached skill level 9 in Crossbows
  4252 | D:5      | Entered Level 5 of the Dungeon
  4287 | D:5      | Found a basalt altar of Yredelemnul.
  4290 | D:5      | Reached XP level 8. HP: 38/48 MP: 8/8
  4454 | D:5      | Found a sand-covered staircase.
  4459 | Ossuary  | Entered an ossuary
  4492 | Ossuary  | Reached * piety under Dithmenos
  4560 | Ossuary  | Reached skill level 10 in Crossbows
  4716 | Ossuary  | Reached ** piety under Dithmenos
  5255 | D:5      | Found a radiant altar of Vehumet.
  5330 | D:6      | Found a sparkling altar of Nemelex Xobeh.
  5436 | D:6      | Reached skill level 11 in Crossbows
  5559 | D:6      | Reached skill level 5 in Fighting
  5559 | D:6      | Reached XP level 9. HP: 54/54 MP: 9/9
  5592 | D:6      | Noticed Sigmund
  5599 | D:6      | Killed Sigmund
  6113 | D:6      | Found a blossoming altar of Fedhas.
  6338 | D:7      | Reached skill level 12 in Crossbows
  6338 | D:7      | Reached skill level 5 in Stealth
  6445 | D:7      | Found a runed translucent door.
  6452 | D:7      | Noticed shadowrider38's ghost (novice VSBe)
  6456 | D:7      | Noticed a death knight
  6461 | D:7      | Slain by shadowrider38's ghost

Illustrated notes

Levels and vault maps discovered:
D:1:      sevenhm_arrival_forest_fort_small_5, layout_basic,
          hellmonk_ecumenical_altar_lost_god
D:2:      layout_loops_cross, basic_altar
D:3:      layout_loops_cross, serial_bayou_crossing
D:4:      layout_layer_cave, minmay_temple_entry_antechambers,
          gammafunk_ghost_icy, cheibrodos_gnoll_hut
D:5:      cheibrodos_quashed, layout_loops_ring, mainiacjoe_overflow_alcove_1,
          nicolae_vehumet_radiance, enter_ossuary_2
D:6:      layout_loops_ring, tgw_fedhas, overflow_temple_1_default,
          minmay_manual_monolith, uniq_sigmund
D:7:      layout_loops_ring, mainiacjoe_overflow_alcove_2,
          ebering_ghost_inner_flame
Temple:   zaba_magenta_temple

Skill      XL: |  1  2  3  4  5  6  7  8  9 |
---------------+----------------------------+-----
Crossbows      | 5 6 7 8 9 11 12 | 12.0
Stealth        | 2 4 5 |  5.0
Fighting       | 3 5 |  5.6
Armour         | 1 2 |  2.6
Dodging        | 3 |  3.0

Action                   |  1- 3 |  4- 6 |  7- 9 || total
-------------------------+-------+-------+-------++-------
 Fire: Hand crossbow     |    66 |    48 |   173 ||   287
  Use: Scroll            |     9 |       |     3 ||    12
Armor: Leather armour    |       |       |    10 ||    10
Dodge: Dodged            |    10 |     2 |    36 ||    48
